AoeStats
← -Yakuzzo-

Arabia

510072607Analyzed
1v1 RM · 3d ago on Sep 29, 2026· 32m 53s· 2 players
Game mode
Random Map
Map size
Tiny (2 player)
Population
200
Speed
Normal
Resources
Standard
Victory
Conquest
Starting age
Dark Age
Ending age
Imperial Age
RankedLock teamsTeams togetherTeam positionsShared explorationLock speedFull tech treeHidden civsTurbo modeCheats
Victory
Defeat
🇳🇿 Armenians · New Zealand
1372
+15
🇩🇪 Saracens · Germany
1340
-15
-Yakuzzo-
6:33 Loom
9:41 Feudal Age
14:31 Fletching
16:44 Padded Archer Armor
20:20 Scale Barding Armor
20:26 Forging
20:41 Bloodlines
20:50 Horse Collar
29:59 Wheelbarrow
29:12 Double-Bit Axe
Misc_Leopard
7:39 Loom
10:06 Feudal Age
10:13 Man-at-Arms
12:48 Double-Bit Axe
12:27 Long Swordsman
16:48 Arson
17:10 Padded Archer Armor
17:50 Fletching
19:48 Horse Collar
20:05 Town Watch
20:21 Gold Mining
25:14 Castle Age
25:33 Two-Handed Swordsman
26:10 Bodkin Arrow
29:49 Scale Mail Armor
30:00 Forging
30:03 Bow Saw
30:30 Wheelbarrow
30:45 Gambesons
31:26 Chain Mail Armor
30:59 Gambesons
Connection lost

Rejoining the realm…

Still unreachable

The connection could not be restored.

Session expired

The server has moved on; the page needs a fresh start.